 Dungeon Crawl Stone Soup version 0.25-b1-46-gb8a1ec05df (webtiles) character file.

Game seed: 12227680346253182070

2365 xccam the Martial Artist (level 9, -1/59 HPs)
             Began as an Octopode Transmuter on June 11, 2020.
             Was an Initiate of Ru.
             Slain by a hippogriff (12 damage)
             ... on level 8 of the Dungeon.
             The game lasted 00:13:39 (8291 turns).

xccam the Martial Artist (Octopode Transmuter)      Turns: 8291, Time: 00:13:40

Health: -1/59      AC:  5    Str: 10      XL:     9   Next: 44%
Magic:  24/24      EV: 15    Int: 17      God:    Ru [......]
Gold:   297        SH:  0    Dex: 12 (13) Spells: 10/17 levels left

rFire    + . .     SeeInvis .     - Unarmed
rCold    + . .     Gourm    .   (no shield)
rNeg     + . .     Faith    .   (helmet restricted)
rPois    .         Spirit   .   E - amulet of magic regeneration
rElec    .         Reflect  .   b - +4 ring of protection
rCorr    .         Harm     .   n - ring of magical power
MR       .....                  d - ring of positive energy
Stlth    +++.......             r - ring of protection from cold
HPRegen  0.19/turn              B - ring of protection from fire
MPRegen  0.44/turn              D - ring of wizardry
                                (no ring)
                                (no ring)

@: studying Short Blades
A: almost no armour, stealthy swim, amphibious, 8 rings, constrict 8, camouflage
1, gelatinous body 1
a: Renounce Religion


You were on level 8 of the Dungeon.
You worshipped Ru.
Ru was noncommittal.
You were hungry.

You visited 2 branches of the dungeon, and saw 9 of its levels.
You also visited: Sewer.

You collected 412 gold pieces.
You spent 115 gold pieces at shops.

Inventory:

Missiles
 a - 96 arrows
Armour
 g - a +1 buckler
Jewellery
 b - a +4 ring of protection (left tentacle)
 d - a ring of positive energy (on tentacle)
 n - a ring of magical power (right tentacle)
 r - a ring of protection from cold (on tentacle)
 B - a ring of protection from fire (on tentacle)
 D - a ring of wizardry (on tentacle)
 E - an amulet of magic regeneration (around mantle)
Wands
 v - a wand of polymorph (2)
 A - a wand of flame (46)
Scrolls
 e - 5 scrolls of teleportation
 h - 3 scrolls of amnesia {unknown}
 p - a scroll of magic mapping
 q - 4 scrolls of remove curse
 t - 3 scrolls of fog
 y - 2 scrolls of random uselessness {unknown}
 z - 3 scrolls of fear {unknown}
 C - 2 scrolls of identify
Potions
 f - 3 potions of mutation
 i - 2 potions of stabbing
 j - a potion of heal wounds
 k - 2 potions of cancellation {unknown}
 l - a potion of lignification {unknown}
 m - a potion of invisibility {unknown}
 o - 3 potions of curing
 s - 4 potions of flight {unknown}
 u - 2 potions of might {unknown}
 w - a potion of brilliance {unknown}
Books
 x - a manual of Short Blades
Comestibles
 c - 16 rations
 F - 3 chunks of flesh


   Skills:
 + Level 4.4 Fighting
 + Level 4.9 Dodging
 - Level 4.0 Stealth
 + Level 8.4 Unarmed Combat
 - Level 4.5 Spellcasting
 + Level 4.8 Transmutations
 + Level 0.7 Ice Magic


You had 10 spell levels left.
You knew the following spells:

 Your Spells              Type           Power        Failure   Level  Hunger
a - Beastly Appendage     Tmut           ###...       1%          1    None
b - Sticks to Snakes      Tmut           ###.....     1%          2    ##.....
c - Ice Form              Ice/Tmut       ##......     19%         4    ####...

Your spell library contained the following spells:

 Spells                   Type           Power        Failure   Level  Hunger
 Passwall                 Tmut/Erth      ##......     3%          2    ##.....
 Animate Skeleton         Necr           N/A          6%          1    None
 Apportation              Tloc           #.....       6%          1    None
 Corona                   Hex            #......      6%          1    None
 Magic Dart               Conj           #...         6%          1    None
 Sandblast                Erth           #.....       6%          1    None
 Summon Small Mammal      Summ           #...         6%          1    None
 Spider Form              Tmut/Pois      ##........   7%          3    ###....
 Blink                    Tloc           N/A          9%          2    ##.....
 Call Imp                 Summ           #.......     9%          2    ##.....
 Slow                     Hex            #.......     9%          2    ##.....
 Call Canine Familiar     Summ           #.......     17%         3    ###....
 Conjure Flame            Conj/Fire      #.......     17%         3    ###....
 Mephitic Cloud           Conj/Pois/Air  #.......     17%         3    ###....
 Stone Arrow              Conj/Erth      #.....       17%         3    ###....
 Summon Guardian Golem    Hex/Summ       #.......     17%         3    ###....
 Petrify                  Tmut/Erth      ##......     22%         4    ####...
 Blade Hands              Tmut           ###.......   22%         5    ######.
 Summon Ice Beast         Ice/Summ       #.......     43%         4    ####...
 Summon Lightning Spire   Summ/Air       #.......     50%         4    ####...
 Lee's Rapid Deconstruct  Erth           #.........   82%         5    ######.


Dungeon Overview and Level Annotations

Branches:
Dungeon (8/15)             Temple (1/1) D:6           Sewer (visited)
   Lair: D:8-11

Altars:
Ashenzari
Cheibriados
Dithmenos
Elyvilon
Gozag
Kikubaaqudgha
Makhleb
Nemelex Xobeh
Okawaru
Qazlal
Ru
Sif Muna
Trog
Uskayaw
Vehumet
Wu Jian
Xom
Yredelemnul
Zin
The Shining One

Shops:
D:7 *


Innate Abilities, Weirdness & Mutations

You cannot wear most types of armour.
You are very stealthy in the water. (Stealth+)
You are amphibious.
You can wear up to eight rings at the same time.
You can use your tentacles to constrict eight enemies at once.
Your skin changes colour to match your surroundings (Stealth+).
Your rubbery body absorbs attacks. (AC +1, EV +1)


Message History

The hippogriff is moderately wounded.
You tentacle-slap the hippogriff.
The hippogriff is heavily wounded.
Your tentacle spike disappears.
The hippogriff bites you but does no damage.
The hippogriff pecks you!
* * * LOW HITPOINT WARNING * * *
The hippogriff closely misses you.
You see here an arrow.
You feel better. The hippogriff bites you.
* * * LOW HITPOINT WARNING * * *
The hippogriff closely misses you. x2
You tentacle-slap the hippogriff.
The hippogriff is heavily wounded.
The hippogriff closely misses you. The hippogriff misses you.
The hippogriff claws you but does no damage.
You barely miss the hippogriff.
The hippogriff is heavily wounded.
The hippogriff bites you!
You die...

############...#...
#..........'..|'...
##.#########...#...
#.# #...#... #.#
#####... #.# ####
#.# #.# #@# #H# #.#
########## #.#
#........# #.#
#........#
#.####........#
#..(.)........'..
######........#..
##########


You could see a hippogriff.

Vanquished Creatures
  A hippogriff (D:6)
  2 water moccasins (D:7)
  2 sky beasts
  3 centaurs
  2 bullfrogs (D:6)
  A wyvern zombie (D:8)
  2 scorpions
  3 crimson imps
  A centaur zombie (D:3)
  A quasit (D:8)
  2 centaur skeletons
  7 hounds
  4 orc priests
  An orc wizard (D:5)
  2 bullfrog skeletons
  Ijyb (D:3)
  3 iguanas
  2 worker ants
  A hound skeleton (D:4)
  Robin (D:2)
  9 adders
  5 oozes
  7 worms
  A dart slug (D:1)
  13 leopard geckos
  14 orcs
  3 ball pythons
  12 bats
  6 giant cockroaches
  16 goblins
  5 hobgoblins
  10 jackals
  11 kobolds
  2 quokkas
  5 frilled lizards
  3 rats
  A spectral orc (D:2)
165 creatures vanquished.

Vanquished Creatures (collateral kills)
  Grinder (D:3)
  3 gnolls (D:3)
  A goblin (D:2)
  2 frilled lizards (Sewer)
  A kobold (D:3)
8 creatures vanquished.

Grand Total: 173 creatures vanquished

Notes
Turn   | Place    | Note
-------+----------+-------------------------------------------
     0 | D:1      | xccam the Octopode Transmuter began the quest for the Orb.
     0 | D:1      | Reached XP level 1. HP: 13/13 MP: 3/3
    85 | D:1      | Reached XP level 2. HP: 11/18 MP: 5/5
   547 | D:1      | Reached skill level 4 in Unarmed Combat
   724 | D:1      | Reached XP level 3. HP: 15/23 MP: 6/6
  1343 | D:2      | Learned a level 2 spell: Sticks to Snakes
  1588 | D:2      | Noticed Robin
  1621 | D:2      | Killed Robin
  1621 | D:2      | Reached XP level 4. HP: 19/28 MP: 3/7
  1789 | D:2      | Found a basalt altar of Yredelemnul.
  1953 | D:3      | Reached skill level 5 in Unarmed Combat
  2287 | D:3      | Reached XP level 5. HP: 27/33 MP: 8/8
  2757 | D:3      | Noticed Ijyb
  2776 | D:3      | Killed Ijyb
  2776 | D:3      | Reached skill level 6 in Unarmed Combat
  2956 | D:3      | Noticed Grinder
  2969 | D:3      | Killed Grinder
  2969 | D:3      | Reached skill level 7 in Unarmed Combat
  2969 | D:3      | Reached XP level 6. HP: 19/38 MP: 9/9
  3279 | D:4      | Reached skill level 1 in Stealth
  3311 | D:4      | Reached XP level 7. HP: 34/43 MP: 10/10
  3499 | D:4      | Found a shattered altar of Ashenzari.
  4158 | D:5      | Entered Level 5 of the Dungeon
  4180 | D:5      | Found an ornate altar of the Wu Jian Council.
  4350 | D:5      | Found a glowing drain.
  4367 | Sewer    | Entered a sewer
  5379 | D:5      | Reached XP level 8. HP: 44/51 MP: 12/12
  6098 | D:6      | Noticed a hippogriff
  6365 | D:6      | Killed a hippogriff
  6649 | D:6      | Reached skill level 8 in Unarmed Combat
  6802 | D:6      | Found a snail-covered altar of Cheibriados.
  6853 | D:6      | Reached XP level 9. HP: 52/58 MP: 14/14
  6933 | D:6      | Found a staircase to the Ecumenical Temple.
  6946 | Temple   | Entered the Ecumenical Temple
  7067 | Temple   | Became a worshipper of Ru the Awakened
  7765 | D:7      | Found a hide-covered altar of Uskayaw.
  7894 | D:7      | Found Kejoxkaj's Assorted Antiques.
  7897 | D:7      | Bought a notched agate ring for 115 gold pieces
  7941 | D:7      | Learned a level 4 spell: Ice Form
  8291 | D:8      | Slain by a hippogriff

Illustrated notes

Levels and vault maps discovered:
D:1:      kennysheep_arrival_forest, layout_rooms, minmay_tree_intersection
D:2:      layout_loops_cross, yredelemnul_forgotten_temple_becter, uniq_robin
D:3:      layout_rooms, first_ration, uniq_ijyb, uniq_grinder
D:4:      layout_loops_cross, cheibrodos_ashenzari_chains
D:5:      layout_layer_cave, kennysheep_mini, gup_sewer_entry_bubbles
D:6:      layout_rooms, cheibriados_altar_1, temple_pool_b, minmay_manual_maat
D:7:      layout_basic, kennysheep_mini_moat, serial_shops,
          nicolae_shop_behind_doors
D:8:      layout_basic, nicolae_overflow_crystal_walls,
          overflow_temple_1_default, david_lair_shrubbed
Temple:   regret_index_temple_waves

Skill      XL: |  1  2  3  4  5  6  7  8  9 |
---------------+----------------------------+-----
Unarmed Combat | 4 5 7 8 |  8.4
Stealth        | 1 3 4 |  4.0
Fighting       | 2 3 4 |  4.4
Dodging        | 3 4 |  4.9
Spellcasting   | 3 4 |  4.5
Transmutations | 3 4 |  4.8
Ice Magic      | |  0.7

Action                   |  1- 3 |  4- 6 |  7- 9 || total
-------------------------+-------+-------+-------++-------
Melee: Unarmed           |    72 |   115 |   292 ||   479
       Constrict         |    25 |    22 |    55 ||   102
       Tentacles         |    15 |    19 |    58 ||    92
       Punch             |     2 |     4 |    14 ||    20
       Kick              |     2 |     5 |    30 ||    37
 Cast: Beastly Appendage |     3 |     7 |    10 ||    20
       Sticks to Snakes  |     2 |     4 |     4 ||    10
  Use: Scroll            |       |     3 |     8 ||    11
       Potion            |       |       |     3 ||     3
 Stab: Sleeping          |     6 |     3 |    14 ||    23
       Distracted        |       |       |     2 ||     2
  Eat: Chunk             |     2 |     4 |    14 ||    20
       Ration            |       |     1 |       ||     1
Armor: Skin              |    16 |    28 |    57 ||   101
Dodge: Dodged            |    37 |    65 |   198 ||   300
